 Dungeon Crawl Stone Soup version 0.29.1-14-g9c671dbff4 (webtiles) character file.

Game seed: 1818104573023969387

2943 Wobber the Changer (level 9, -2/58 HPs)
             Began as an Octopode Transmuter on Feb 14, 2023.
             Was an Initiate of Gozag.
             Slain by a water moccasin (9 damage)
             ... on level 7 of the Dungeon.
             The game lasted 00:31:28 (6355 turns).

Wobber the Changer (Octopode Transmuter)            Turns: 6355, Time: 00:31:29

Health: -2/58      AC:  2    Str:  9    XL:     9   Next: 80%
Magic:  22/23      EV: 22    Int: 17    God:    Gozag
Gold:   1014       SH:  0    Dex: 20    Spells: 5/15 levels left

rFire   . . .      SeeInvis .     - Unarmed
rCold   . . .      Faith    .   (shield currently unavailable)
rNeg    . . .      Spirit   .   (helmet currently unavailable)
rPois   x          Reflect  .   g - amulet of regeneration
rElec   .          Harm     .   v - ring of magical power
rCorr   .          Rampage  .   (no ring)
Will    .....                   (no ring)
Stlth   +++.......              (no ring)
HPRegen 0.99/turn               (no ring)
MPRegen 0.18/turn               (no ring)
                                (no ring)
                                (no ring)

@: spider-form, gold aura
A: venomous fangs, almost no armour, (amphibious), 8 rings, tiny, (camouflage
1), (gelatinous body 1), (nimble swimmer 1), (tentacles)
a: End Transformation, Renounce Religion, Potion Petition, Call Merchant, Bribe
Branch


You were on level 7 of the Dungeon.
You worshipped Gozag.
Gozag was most pleased with you.
You were a venomous arachnid creature.
You visited 1 branch of the dungeon, and saw 7 of its levels.
You also visited: Sewer.

You collected 1206 gold pieces.
You spent 165 gold pieces at shops.
You paid 27 gold pieces to Gozag.

Inventory:

Hand Weapons
 a - a +4 dagger of electrocution (melded)
 b - a +2 sling of venom
 f - a +0 halberd of distortion
 B - a +2 dagger of flaming
Missiles
 i - 5 javelins
 l - 81 stones
Armour
 e - the +1 buckler "Iroxuaq" (melded) {Regen+ Slay+2}
   (You acquired it on level 3 of the Dungeon)

   Slay:      It affects your accuracy & damage with ranged weapons and melee
   (+2).
   Regen:     It increases your rate of health regeneration.
Jewellery
 g - an amulet of regeneration (around neck)
 v - a ring of magical power (left front leg)
 A - the ring "Sujaip" {rElec rPois rN+ Dex-5}
   (You found it on level 6 of the Dungeon)

   [ring of positive energy]

   Dex:       It affects your dexterity (-5).
   rElec:     It insulates you from electricity.
   rPois:     It protects you from poison.
   rN:        It protects you from negative energy.
Scrolls
 d - 2 scrolls of teleportation
 w - a scroll of fear
 y - a scroll of summoning
 z - 3 scrolls of enchant weapon
Potions
 c - a potion of brilliance {unknown}
 h - a potion of lignification
 j - 2 potions of flight {unknown}
 k - 3 potions of heal wounds
 m - 2 potions of resistance
 n - 2 potions of magic {unknown}
 o - 2 potions of curing {unknown}
 p - a potion of might
 q - 3 potions of mutation
 r - 3 potions of haste
 s - 2 potions of ambrosia {unknown}
 t - 3 potions of attraction
 u - 2 potions of degeneration {unknown}
 x - 2 potions of berserk rage {unknown}


   Skills:
 - Level 4.2 Fighting
 - Level 0.1 Ranged Weapons
 - Level 4.2 Dodging
 - Level 5.4 Stealth
 - Level 3.1 Shields
 + Level 3.8 Unarmed Combat
 + Level 3.5 Spellcasting
 - Level 0.5 Hexes
 * Level 7.9 Transmutations
 * Level 1.5 Ice Magic
 - Level 6.8 Poison Magic


You had 5 spell levels left.
You knew the following spells:

 Your Spells              Type           Power      Damage    Failure   Level
a - Beastly Appendage     Tmut           60%        N/A       4%          1
b - Spider Form           Tmut/Pois      28%        N/A       9%          3
c - Tukima's Dance        Hex            4%         N/A       58%         3
d - Ozocubu's Armour      Ice            8%         N/A       47%         3

Your spell library contained the following spells:

 Spells                   Type           Power      Damage    Failure   Level
 Wereblood                Tmut           30%        N/A       4%          2
 Poisonous Vapours        Pois/Air       28%        N/A       17%         2
 Ice Form                 Ice/Tmut       19%        N/A       45%         4
 Yara's Violent Unravell  Hex/Tmut       8%         3d5       82%         5
 Passage of Golubria      Tloc           3%         N/A       95%         4
 Metabolic Englaciation   Hex/Ice        3%         N/A       99%         5
 Corpse Rot               Necr/Pois/Air  Unusable   N/A       N/A         4
 Simulacrum               Ice/Necr       Unusable   N/A       N/A         6

Dungeon Overview and Level Annotations

Branches:
Dungeon (7/15)             Temple (0/1) D:4           Sewer (visited)

Altars:
Gozag
Nemelex Xobeh
Okawaru

Shops:
D:7 !

Annotations:
D:7 Joseph


Innate Abilities, Weirdness & Mutations

You are a venomous arachnid creature.
You have poisonous fangs.
You are tiny and dextrous.
Your spellcasting is less reliable in this form.
Your armour is entirely melded.
You are incapable of wielding weapons or throwing items.
You cannot wear most types of armour.
((You are amphibious.))
You can wear up to eight rings at the same time.
((Your skin changes colour to match your surroundings (Stealth+).))
((Your rubbery body absorbs attacks. (AC +1, EV +1)))
((You are camouflaged when in or above water. (Stealth+)))
((You have tentacles for arms and can constrict up to eight enemies at once.))


Message History

You turn into a venomous arachnid creature.
Your +4 dagger of electrocution melds into your body.
The +1 buckler "Iroxuaq" {Regen+ Slay+2} melds into your body.
Your +4 dagger of electrocution stops crackling.
Joseph unwields a +0 quarterstaff.
Joseph wields a +0 sling.
Joseph shoots a sling bullet.
The sling bullet misses you.
You hear an angry hiss. x2; You hear a shout!
Joseph tries to grin evilly.
Joseph unwields a +0 sling.
Joseph wields a +0 quarterstaff.
Joseph hits you with a +0 quarterstaff!
You barely miss Joseph. Joseph hits you with a +0 quarterstaff!
You barely miss Joseph. You barely miss Joseph.
Joseph hits you with a +0 quarterstaff!
You hit Joseph.
Joseph is poisoned.
Joseph is lightly wounded.
Joseph barely misses you.
A water moccasin comes into view.
The water moccasin hisses angrily.
You hit Joseph but do no damage.
Joseph is lightly wounded.
You hear an angry hiss.
Joseph hits you with a +0 quarterstaff!!
* * * LOW HITPOINT WARNING * * *
You feel much better. Joseph hits you with a +0 quarterstaff.
An iguana comes into view.
You barely miss Joseph.
Joseph is lightly wounded.
The water moccasin closely misses you.
Joseph hits you with a +0 quarterstaff!!
* * * LOW HITPOINT WARNING * * *
The water moccasin bites you but does no damage.
The water moccasin attacks as you move away!
The water moccasin bites you.
* * * LOW HITPOINT WARNING * * *
The water moccasin attacks as you move away!
The water moccasin bites you.
* * * LOW HITPOINT WARNING * * *
The water moccasin bites you!
You die...
Your body crumbles into a pile of gold.

#.###.###.##.##..#
####.##...##.#.......
#..[.................
#.##.##....#.#.###.#. #.
#.###.#.#.......#. ##. #.#
#.#.##...####. ##.. #.#
#.#.#.[......# .>#
#.###.#........#.# #.
#s...(..#........#
#.####.###S###.#.#....##...
.....$.@..............#####
#####l#########.#####)##...
.. #....)# #.##.# #.
#.##### # #...∩# ..
#.#.#.## #. #.#...# .
#...#####


You could see a water moccasin.

Vanquished Creatures
  Pikel (D:4)
  Sigmund (D:2)
  A water moccasin (D:6)
  2 black bears
  3 ogres
  A lemure (D:4)
  2 phantoms
  3 kobold brigands (Sewer)
  2 bullfrogs (D:7)
  3 necrophages
  2 scorpions (D:6)
  4 killer bees (D:7)
  4 hounds
  4 jellies
  2 orc priests
  2 iguanas
  6 orc wizards
  Robin (D:4)
  5 gnolls
  13 adders
  2 river rats (Sewer)
  A shadow imp (D:6)
  A white imp (D:7)
  An ufetubus (D:4)
  5 worms
  3 dart slugs
  20 orcs
  11 ball pythons
  7 endoplasms
  3 giant cockroaches
  8 goblins
  6 hobgoblins
  5 jackals
  5 quokkas
  3 bats
  3 frilled lizards
  20 kobolds
  8 rats
174 creatures vanquished.

Notes
Turn   | Place    | Note
-------+----------+-------------------------------------------
     0 | D:1      | Wobber the Octopode Transmuter began the quest for the Orb.
     0 | D:1      | Reached XP level 1. HP: 13/13 MP: 3/3
    62 | D:1      | Found a faded altar of an unknown god.
   140 | D:1      | Reached XP level 2. HP: 9/18 MP: 5/5
   501 | D:1      | Reached skill level 3 in Transmutations
  1109 | D:2      | Reached XP level 3. HP: 17/23 MP: 4/6
  1292 | D:2      | Found an opulent altar of Gozag.
  1305 | D:2      | Reached skill level 1 in Stealth
  1315 | D:2      | Became a worshipper of Gozag Ym Sagoz the Greedy
  1374 | D:2      | Learned a level 3 spell: Spider Form
  1492 | D:2      | Noticed Sigmund
  1506 | D:2      | Killed Sigmund
  1507 | D:2      | Reached skill level 4 in Transmutations
  1507 | D:2      | Reached XP level 4. HP: 15/29 MP: 5/7
  1507 | D:2      | Reached XP level 5. HP: 18/34 MP: 5/8
  1722 | D:2      | Reached XP level 6. HP: 39/39 MP: 7/9
  2135 | D:3      | Found a sparkling altar of Nemelex Xobeh.
  2932 | D:3      | Identified a scroll of acquirement
  2932 | D:3      | Acquired the +1 buckler "Iroxuaq" {Regen+ Slay+2}
  2996 | D:4      | Noticed a black bear
  3005 | D:4      | Killed a black bear
  3006 | D:4      | Reached skill level 5 in Transmutations
  3076 | D:4      | Noticed Robin
  3086 | D:4      | Killed Robin
  3190 | D:4      | Reached skill level 1 in Shields
  3327 | D:4      | Found a staircase to the Ecumenical Temple.
  3338 | D:4      | Reached XP level 7. HP: 35/45 MP: 8/10
  3385 | D:4      | Reached skill level 5 in Poison Magic
  3541 | D:4      | Noticed Pikel
  3563 | D:4      | Killed Pikel
  3564 | D:4      | Reached skill level 6 in Transmutations
  3564 | D:4      | Reached XP level 8. HP: 33/50 MP: 9/11
  3812 | D:5      | Entered Level 5 of the Dungeon
  3855 | D:5      | Reached skill level 7 in Transmutations
  3929 | D:5      | Found a glowing drain.
  4017 | Sewer    | Entered a sewer
  4139 | Sewer    | Reached XP level 9. HP: 48/55 MP: 13/13
  4215 | Sewer    | Learned a level 3 spell: Tukima's Dance
  5179 | D:6      | Identified the +1 leather armour of Love and Death {rElec
                  | rF+}
  5484 | D:6      | Found an iron altar of Okawaru.
  5493 | D:6      | Identified the ring "Sujaip" {rElec rPois rN+ Dex-5}
  5955 | D:7      | Reached skill level 5 in Stealth
  6061 | D:7      | Learned a level 3 spell: Ozocubu's Armour
  6130 | D:7      | Found Vobeleif's Distillery.
  6135 | D:7      | Bought a potion of heal wounds for 55 gold pieces
  6135 | D:7      | Bought a potion of haste for 110 gold pieces
  6157 | D:7      | Reached skill level 1 in Ice Magic
  6341 | D:7      | Noticed Joseph
  6355 | D:7      | Slain by a water moccasin

Illustrated notes

Levels and vault maps discovered:
D:1:      dpeg_arrival_round_a, layout_basic, ebering_ecumenical_altar_rust,
          hex_medium
D:2:      layout_loops_ring, basic_altar, hangedman_glass_teeth, uniq_sigmund
D:3:      minmay_evil_eye, layout_basic, mainiacjoe_overflow_tiny_flanked
D:4:      layout_basic, minmay_temple_entry_glass, cheibrodos_gnoll_hut,
          uniq_pikel, uniq_robin
D:5:      layout_rooms, cheibrodos_sewer_entry_sluice
D:6:      nicolae_BIG_FREAKIN_CUBE, layout_loops_corners, okawaru_gym_becter
D:7:      kennysheep_steamy, layout_loops_ring, serial_shops, shop,
          minmay_the_grid_2x2 [minmay_the_grid_minigrid_small,
          minmay_the_grid_gridbox, minmay_the_grid_paths,
          minmay_the_grid_prize_inner_circle], uniq_joseph

Skill      XL: |  1  2  3  4  5  6  7  8  9 |
---------------+----------------------------+-----
Transmutations | 3 4 5 6 7 |  7.9
Stealth        | 1 2 5 |  5.4
Fighting       | 2 4 |  4.2
Poison Magic   | 2 3 4 6 |  6.8
Shields        | 1 3 |  3.1
Spellcasting   | 3 |  3.5
Dodging        | 4 |  4.2
Ice Magic      | 1 |  1.5
Ranged Weapons | |  0.1
Unarmed Combat | |  3.8
Hexes          | |  0.5

Action                   |  1- 3 |  4- 6 |  7- 9 || total
-------------------------+-------+-------+-------++-------
Melee: Unarmed           |     9 |       |   218 ||   227
       Constrict         |    14 |    18 |    30 ||    62
       Dagger            |    42 |    70 |   115 ||   227
       Tentacles         |     9 |    10 |    23 ||    42
       Kick              |    11 |    19 |    42 ||    72
       Punch             |     1 |     1 |     3 ||     5
 Fire: Sling             |       |       |    23 ||    23
 Cast: Beastly Appendage |    21 |    25 |    30 ||    76
       Spider Form       |       |       |    18 ||    18
  Use: Scroll            |       |     8 |    11 ||    19
       Potion            |       |       |     1 ||     1
 Stab: Sleeping          |     3 |    11 |     6 ||    20
       Distracted        |       |       |     3 ||     3
Armor: Skin              |     1 |     4 |    13 ||    18
Dodge: Dodged            |    22 |    38 |   261 ||   321
Block: Buckler           |       |     9 |    31 ||    40
